 Dungeon Crawl Stone Soup version 0.27-a0-1090-gb115f176c6 (webtiles) character file.

Game seed: 14232206351122288347

5464 HoaS the Cruncher (level 10, 0/58 HPs)
             Began as a Gargoyle Gladiator on Apr 27, 2021.
             Blown up by Maurice (24 damage)
             ... with a mindburst bolt
             ... on level 8 of the Dungeon.
             The game lasted 00:17:34 (8034 turns).

HoaS the Cruncher (Gargoyle Gladiator)              Turns: 8034, Time: 00:17:35

Health: 0/58       AC: 23    Str: 21    XL:     10   Next: 68%
Magic:  10/10      EV: 11    Int:  9    God:
Gold:   394        SH:  0    Dex: 11    Spells: 9/9 levels left

rFire    . . .     SeeInvis +   a - +3 quarterstaff (freeze)
rCold    + . .     Faith    .   (shield currently unavailable)
rNeg     + . .     Spirit   .   i - +4 scale mail
rPois    ∞         Reflect  .   c - +2 helmet
rElec    +         Harm     .   m - +1 cloak
rCorr    .         Rampage  .   (no gloves)
Will     .....                  (no boots)
Stlth    ..........             A - amulet of the acrobat
HPRegen  0.19/turn              B - ring of see invisible
MPRegen  0.12/turn              v - ring of protection from cold

@: studying Fire Magic
A: AC +7, negative energy resistance 1, electricity resistance, torment
resistance 1, unbreathing 1, petrification resistance
a: no special abilities


You were on level 8 of the Dungeon.
You visited 2 branches of the dungeon, and saw 9 of its levels.
You also visited: Ossuary.

You collected 476 gold pieces.
You spent 82 gold pieces at shops.

Inventory:

Hand Weapons
 a - a +3 quarterstaff of freezing (weapon)
Missiles
 d - 4 throwing nets (quivered)
 e - 65 arrows
 n - 28 poisoned darts
 o - 10 boomerangs
 y - 2 curare-tipped darts
Armour
 c - a +2 helmet (worn)
 i - a +4 scale mail (worn)
 m - a +1 cloak (worn)
Jewellery
 l - a ring of resist corrosion
 v - a ring of protection from cold (right hand)
 A - an amulet of the acrobat (around neck)
 B - a ring of see invisible (left hand)
Scrolls
 q - a scroll of magic mapping
 r - a scroll of fog
 s - 4 scrolls of teleportation
Potions
 b - 2 potions of mutation
 f - 3 potions of flight
 g - 3 potions of lignification
 h - a potion of heal wounds {unknown}
 j - 2 potions of might
 k - 2 potions of haste {unknown}
 p - 2 potions of brilliance {unknown}
 t - a potion of ambrosia {unknown}
 u - a potion of resistance {unknown}
 w - 2 potions of curing
 x - a potion of invisibility {unknown}
 z - a potion of magic {unknown}
 C - a potion of attraction {unknown}
 E - a potion of berserk rage {unknown}


   Skills:
 * Level 4.7 Fighting
 - Level 0.1(9.2) Maces & Flails
 - Level 14.0 Staves
 - Level 1.7 Throwing
 + Level 3.9 Armour
 + Level 3.5 Dodging


You had 9 spell levels left.
You didn't know any spells.
Your spell library contained the following spells:

 Spells                   Type           Power      Damage    Failure   Level
 Bolt of Magma            Conj/Fire/Erth 0%         4d4       100%        5
 Iskenderun's Battlesphe  Conj           0%         2d6       100%        5
 Iron Shot                Conj/Erth      0%         9d1       100%        6
 Orb of Destruction       Conj           0%         N/A       100%        7
 Spellforged Servitor     Conj/Summ      0%         N/A       100%        7


Dungeon Overview and Level Annotations

Branches:
Dungeon (8/15)             Temple (1/1) D:6         Ossuary (visited)
   Lair: D:8-11

Altars:
Ashenzari
Cheibriados
Dithmenos
Fedhas
Gozag
Kikubaaqudgha
Makhleb
Qazlal
Ru
Sif Muna
Uskayaw
Vehumet
Wu Jian
Xom
Yredelemnul
Zin

Shops:
D:8 *

Annotations:
D:8 Maurice


Innate Abilities, Weirdness & Mutations

Your stone body is resilient. (AC +7)
You are immune to poison.
You resist negative energy. (rN+)
You are resistant to electric shocks. (rElec)
You are resistant to unholy torment.
You can survive without breathing.
You are immune to petrification.


Message History

Aim: Maurice, wielding a +0 short sword, wearing a +1 cloak of poison resistance and carrying a wand of mindburst (14) (moderately wounded, covering ground quickly, slightly transparent)
The mass of ice explodes!
The iceblast engulfs Maurice!
Maurice is moderately wounded.
Maurice mumbles some strange words.
Maurice blinks!
Aiming: Iceblast
Press: ? - help, Shift-Dir - straight line, f/p - Maurice
Aim: Maurice, wielding a +0 short sword, wearing a +1 cloak of poison resistance and carrying a wand of mindburst (14) (moderately wounded, covering ground quickly, slightly transparent)
The mass of ice explodes!
The iceblast engulfs Maurice!
Maurice is heavily wounded.
Maurice zaps a wand.
Your mind is blasted!
Aiming: Iceblast
Press: ? - help, Shift-Dir - straight line, f/p - Maurice
Aim: Maurice, wielding a +0 short sword, wearing a +1 cloak of poison resistance and carrying a wand of mindburst (13) (heavily wounded, covering ground quickly, slightly transparent)
The mass of ice explodes!
The iceblast engulfs Maurice!
Maurice is severely wounded.
The now-empty wand crumbles to dust.
Maurice casts a spell.
Maurice looks slightly unstable.
You aren't carrying any items that you can evoke.
You drop 4 poisoned darts.
Maurice zaps a wand.
Your mind is blasted!
Unknown command.
Unknown command.
You aren't carrying any items that you can evoke.
You feel better.
Maurice disappears!
Maurice reappears nearby!
Maurice mumbles some strange words.
Maurice blinks!
Maurice completely misses you.
You barely miss Maurice.
Maurice is severely wounded.
You hit Maurice. You freeze Maurice.
Maurice is severely wounded.
Maurice hits you but does no damage.
You barely miss Maurice.
Maurice is severely wounded.
You closely miss Maurice.
Maurice is severely wounded.
Maurice zaps a wand.
Your mind is blasted!
You die...

############
...........#
..........(###
######## .............
........ #........#
#....... #....@@..#
#....... #........#
#....... #.....(..#
#....... #........#
#....... ########.###
#....... ..........#
######## ..........#
## ..........# #.
..........###########.


You could see Maurice (swift, invisible).

Vanquished Creatures
  Harold (D:7)
  Pikel (D:8)
  A gargoyle (D:7)
  Maggie (D:8)
  Grum (D:8)
  A water moccasin (D:7)
  4 sky beasts
  An ice beast (D:7)
  2 ogres
  A necrophage (D:5)
  A centaur (D:7)
  4 wolves (D:8)
  A lemure (D:8)
  A phantom (D:5)
  3 kobold brigands
  9 scorpions
  A bullfrog (D:7)
  2 water moccasin zombies (D:5)
  2 water moccasin skeletons
  6 wights
  A howler monkey (D:5)
  6 centaur zombies
  2 human zombies (Ossuary)
  3 bullfrog zombies (D:5)
  A jelly (D:7)
  A centaur skeleton (D:5)
  3 hounds
  An orc priest (D:4)
  3 iguanas
  4 orc wizards
  4 scorpion zombies (Ossuary)
  A killer bee zombie (D:8)
  3 hound zombies (D:5)
  A hound skeleton (D:5)
  3 mummies (Ossuary)
  3 howler monkey zombies
  7 adders
  A shadow imp (D:7)
  A white imp (D:6)
  2 ufetubi
  An adder zombie (D:5)
  3 worms
  A dart slug (D:2)
  22 orcs
  5 bats
  5 endoplasms
  5 giant cockroaches
  3 gnoll zombies (Ossuary)
  5 goblins
  3 hobgoblins (D:1)
  3 jackals
  6 quokkas
  5 ball pythons
  2 frilled lizards
  2 goblin zombies (Ossuary)
  17 kobolds
  3 rats
186 creatures vanquished.

Vanquished Creatures (others)
  A scorpion (Ossuary)
  A goblin zombie (Ossuary)
  3 fungi (D:7)
  A plant (D:7)
6 creatures vanquished.

Grand Total: 192 creatures vanquished

Notes
Turn   | Place    | Note
-------+----------+-------------------------------------------
     0 | D:1      | HoaS the Gargoyle Gladiator began the quest for the Orb.
     0 | D:1      | Reached XP level 1. HP: 12/12 MP: 1/1
   143 | D:1      | Reached XP level 2. HP: 4/17 MP: 2/2
  1320 | D:2      | Reached skill level 4 in Staves
  1329 | D:2      | Reached XP level 3. HP: 14/21 MP: 3/3
  2156 | D:3      | Reached skill level 5 in Staves
  2156 | D:3      | Reached XP level 4. HP: 15/26 MP: 4/4
  2312 | D:3      | Found a burning altar of Makhleb.
  2343 | D:3      | Found a broken altar of Ashenzari.
  2407 | D:3      | Found an ornate altar of the Wu Jian Council.
  2423 | D:3      | Found an opulent altar of Gozag.
  2423 | D:3      | Found a glowing silver altar of Zin.
  2867 | D:4      | Reached XP level 5. HP: 23/30 MP: 5/5
  2930 | D:4      | Reached skill level 6 in Staves
  3137 | D:4      | Reached XP level 6. HP: 34/35 MP: 6/6
  3541 | D:5      | Entered Level 5 of the Dungeon
  3563 | D:5      | Found a sand-covered staircase.
  3571 | Ossuary  | Entered an ossuary
  3644 | Ossuary  | Reached skill level 7 in Staves
  3724 | Ossuary  | Reached XP level 7. HP: 34/40 MP: 7/7
  3813 | Ossuary  | Reached skill level 8 in Staves
  4107 | Ossuary  | Reached skill level 9 in Staves
  4149 | Ossuary  | Reached XP level 8. HP: 35/44 MP: 8/8
  4419 | Ossuary  | Identified the ring of Qohups {Contam Fly Int+7}
  4489 | D:5      | Reached skill level 10 in Staves
  4778 | D:5      | Reached skill level 11 in Staves
  4963 | D:5      | Reached XP level 9. HP: 36/48 MP: 9/9
  4974 | D:5      | Identified the +1 ring mail of Untruth {+Inv}
  5357 | D:6      | Found a staircase to the Ecumenical Temple.
  5385 | Temple   | Entered the Ecumenical Temple
  5688 | Temple   | Reached skill level 12 in Staves
  6831 | D:7      | Found a blossoming altar of Fedhas.
  6864 | D:7      | Reached skill level 13 in Staves
  6905 | D:7      | Noticed Harold
  6912 | D:7      | Killed Harold
  6913 | D:7      | Reached XP level 10. HP: 30/53 MP: 10/10
  6947 | D:7      | Reached skill level 14 in Staves
  7116 | D:7      | Found a stormy altar of Qazlal.
  7275 | D:7      | Noticed a gargoyle
  7284 | D:7      | Killed a gargoyle
  7285 | D:7      | Reached skill level 1 in Armour
  7698 | D:8      | Noticed Maggie
  7709 | D:8      | Killed Maggie
  7714 | D:8      | Found Jongegre's General Store.
  7737 | D:8      | Bought a scroll of enchant weapon for 82 gold pieces
  7802 | D:8      | Noticed Pikel
  7807 | D:8      | Noticed Grum
  7847 | D:8      | Killed Pikel
  7875 | D:8      | Killed Grum
  8018 | D:8      | Noticed Maurice
  8034 | D:8      | Blown up by Maurice

Illustrated notes

Levels and vault maps discovered:
D:1:      dpeg_arrival_water_fire, layout_basic, hangedman_decor_growths
D:2:      layout_loops_ring, minmay_tromino_mix6
D:3:      layout_rooms, grunt_temple_overflow_gold_and_silver,
          marbit_many_paths, nicolae_ashenzari_panopticon, bloody_makhleb,
          st_stairs_5, grunt_ministairs_6
D:4:      layout_loops_ring
D:5:      layout_rooms, nicolae_ossuary_entry_monument, serial_undead,
          serial_undead_a, serial_undead_f, serial_undead_f, serial_undead_f,
          minmay_bent
D:6:      layout_basic, minmay_temple_entry_tees, minmay_misc_feat_iff
D:7:      kennysheep_spiral_hall, layout_basic,
          grunt_temple_overflow_forces_of_nature, uniq_harold
D:8:      layout_basic, serial_shops, shop, minmay_manual_monstrance,
          uniq_maurice, uniq_grum, uniq_psyche, uniq_pikel, uniq_maggie
Temple:   compressed_dpeg_triangle_lava_temple

Skill      XL: |  1  2  3  4  5  6  7  8  9 10 |
---------------+-------------------------------+-----
Staves         | 4 5 6 7 9 11 13 14 | 14.0
Armour         | 3 |  3.9
Fighting       | 4 |  4.7
Dodging        | 3 |  3.5
Maces & Flails | |  0.1
Throwing       | |  1.7

Action                   |  1- 3 |  4- 6 |  7- 9 | 10-12 || total
-------------------------+-------+-------+-------+-------++-------
Melee: Quarterstaff      |   123 |   123 |   499 |   133 ||   878
Throw: Throwing net      |       |       |     2 |     4 ||     6
       Dart              |       |       |     1 |       ||     1
Evoke: Wand              |       |       |       |     7 ||     7
  Use: Scroll            |     2 |     3 |    11 |     2 ||    18
       Potion            |       |       |     1 |     1 ||     2
 Stab: Held in net/web   |       |       |     3 |     2 ||     5
Armor: Leather armour    |    26 |       |       |       ||    26
       Scale mail        |    37 |    69 |   256 |    55 ||   417
Dodge: Dodged            |    52 |    55 |   222 |    62 ||   391

Table legend: (Time is in decaauts)
 A = Elapsed time spent in this place.
 B = Non-inter-level travel time spent in this place.
 C = Inter-level travel time spent in this place.
 D = Time resting spent in this place.
 E = Time spent auto-exploring this place.
 F = Levels seen in this place.
 G = Mean time per level.
                   A        B        C        D        E       F      G
               +--------+--------+--------+--------+--------+-----+--------+
         Total |   7867 |   7606 |    261 |   1707 |   4394 |  10 |  786.7 |
       Dungeon |   6371 |   6151 |    220 |   1023 |   3987 |   8 |  796.4 |
        Temple |    617 |    576 |     41 |    260 |    256 |   1 |  617.0 |
       Ossuary |    878 |    878 |      0 |    424 |    151 |   1 |  878.0 |
               +--------+--------+--------+--------+--------+-----+--------+

Top non-repeatable levels by time:
     D:1: 1262 daAuts
     D:7: 1255 daAuts
 Ossuary: 878 daAuts
     D:2: 856 daAuts
     D:4: 720 daAuts
     D:3: 715 daAuts
     D:6: 625 daAuts
  Temple: 617 daAuts
     D:5: 604 daAuts
     D:8: 330 daAuts
